 Dungeon Crawl Stone Soup version 0.32-a0-779-g362cfcae2a (webtiles) character file.

Game seed: 3085007339568789191

90757 hikkokomori the Prestidigitator (level 16, -1/124 HPs)
             Began as a Coglin Hunter on Mar 19, 2024.
             Was a High Priest of Okawaru.
             Slain by a catoblepas (11 damage)
             ... while petrified by a catoblepas
             ... on level 5 of the Lair of Beasts.
             The game lasted 01:19:50 (25625 turns).

hikkokomori the Prestidigitator (Coglin Hunter)    Turns: 25625, Time: 01:19:50

Health: -1/124     AC: 28    Str: 14    XL:     16   Next: 1%
Magic:  25/25      EV:  2    Int: 11    God:    Okawaru [*****.]
Gold:   548        SH:  0    Dex: 23    Spells: 2/27 levels left

rFire   . . .        a - +5 sling (flame) {Prasit}
rCold   + . .        G - +3 hand cannon (freeze) {Alejandra}
rNeg    + + +        I - +5 swamp dragon scales of Hedonism {rPois Str+2}
rPois   ∞            k - +2 helmet
rElec   +            g - +2 cloak {rCorr}
rCorr   +            Q - +2 pair of gloves of Bedevilment {rC+ Slay+2}
SInv    +            B - +0 pair of boots of Joissiud {rElec Will+ SInv}
Will    +++..        (amulet unavailable)
Stlth   ++++         (ring unavailable)
HPRegen 0.40/turn    (ring unavailable)
MPRegen 0.59/turn    U - automatic matrix {RevMP, rElec Will+}

%: no passive effects
@: petrified, heroic, studying Ice Magic, revving
A: off-hand wielding, slow wielding, warmup strikes, no jewellery
a: Renounce Religion, Heroism, Finesse, Duel


You were on level 5 of the Lair of Beasts.
You worshipped Okawaru.
Okawaru was extremely pleased with you.
You visited 4 branches of the dungeon, and saw 21 of its levels.
You also visited: Ossuary, Bailey, Gauntlet and Ice Cave.

You collected 2590 gold pieces.
You spent 2042 gold pieces at shops.

Inventory:

Hand Weapons
 a - a +5 sling of flaming (weapon) {Prasit}
 u - the +9 whip "Agonil" {flame, rPois rF+ rC+ Will+}
   (You found it on level 6 of the Dungeon)

   rF+:       It protects you from fire.
   rC+:       It protects you from cold.
   rPois:     It protects you from poison.
   Will+:     It increases your willpower.
 C - a +5 vampiric demon trident
 G - a +3 hand cannon of freezing (offhand) {Alejandra}
 O - a +2 broad axe
 Y - the +4 trident "Badujugo" {freeze, ^Drain rN++ Will+ Int+2}
   (You took it off a minotaur in a Gauntlet)

   Int+2:     It affects your intelligence (+2).
   rN++:      It greatly protects you from negative energy.
   Will+:     It increases your willpower.
   ^Drain:    It drains your maximum health when unequipped.
Missiles
 S - a throwing net
Armour
 e - the +2 pair of boots of Soefrauh {Fly rCorr Str+9 Dex-3}
   (You acquired it in a bailey)

   Str+9:     It affects your strength (+9).
   Dex-3:     It affects your dexterity (-3).
   Fly:       It grants you flight.
   rCorr:     It protects you from acid and corrosion.
 g - a +2 cloak of preservation (worn)
 k - a +2 helmet (worn)
 B - the +0 pair of boots of Joissiud (worn) {rElec Will+ SInv}
   (You found it in a Gauntlet)

   rElec:     It insulates you from electricity.
   Will+:     It increases your willpower.
   SInv:      It lets you see invisible.
 D - a +1 cloak of poison resistance
 I - the +5 swamp dragon scales of Hedonism (worn) {rPois Str+2}
   (You found it in a Gauntlet)

   Str+2:     It affects your strength (+2).
   rPois:     It protects you from poison.
 Q - the +2 pair of gloves of Bedevilment (worn) {rC+ Slay+2}
   (You found it in a Gauntlet)

   Slay+2:    It affects your accuracy & damage with ranged weapons and melee
   (+2).
   rC+:       It protects you from cold.
 X - +3 acid dragon scales
 Z - the +8 ring mail of Limited Liability {rC+ rN+}
   (You took it off a minotaur in a Gauntlet)

   rC+:       It protects you from cold.
   rN+:       It protects you from negative energy.
Gizmo
 U - an automatic matrix (installed) {RevMP, rElec Will+}
   (You invented it yourself on level 2 of the Lair of Beasts)

   [automatic matrix]

   RevMP:     Your magic regeneration increases greatly based on how Revved you
   are.
   rElec:     It insulates you from electricity.
   Will+:     It increases your willpower.
Wands
 l - a wand of paralysis (16)
 n - a wand of flame (68)
 y - a wand of mindburst (5)
 E - a wand of acid (11)
 L - a wand of roots (1)
Scrolls
 b - 3 scrolls of butterflies
 c - a scroll of amnesia {unknown}
 f - a scroll of identify
 p - 6 scrolls of teleportation
 r - a scroll of blinking
 v - 3 scrolls of immolation
 w - 2 scrolls of vulnerability
 x - 3 scrolls of fog
 K - a scroll of silence
 T - 3 scrolls of fear
Potions
 h - 6 potions of brilliance
 i - 6 potions of curing
 j - 7 potions of enlightenment
 m - 4 potions of haste
 o - a potion of cancellation
 s - 4 potions of mutation
 t - 2 potions of might
 z - 2 potions of invisibility
 A - 5 potions of heal wounds
 F - 5 potions of lignification
 J - 2 potions of ambrosia
 M - 3 potions of magic
 N - a potion of attraction
 P - a potion of berserk rage
Miscellaneous
 d - a phial of floods
 q - a lightning rod (4/4)
 V - a condenser vane


   Skills:
 + Level 10.8(15.8) Fighting
 + Level 6.2(11.3) Maces & Flails
 + Level 1.7(9.3) Staves
 - Level 10.0(15.0) Ranged Weapons
 - Level 8.3(13.3) Armour
 - Level 9.0(14.0) Dodging
 - Level 3.0(8.0) Stealth
 + Level 6.2 Spellcasting
 - Level 6.0 Conjurations
 - Level 6.0 Hexes
 + Level 4.5 Fire Magic
 - Level 8.0 Alchemy
 + Level 5.7 Invocations
 + Level 13.3 Evocations


You had 2 spell levels left.
You knew the following spells:

 Your Spells              Type           Power      Damage    Failure   Level
a - Inner Flame           Hex/Fire       15%        N/A       11%         3
b - Jinxbite              Hex            32%        N/A       4%          2
c - Ozocubu's Refrigerat  Ice            1%         4d7       100%        7
d - Olgreb's Toxic Radia  Alch           21%        N/A       12%         4
e - Irradiate             Conj/Alch      9%         3d14      45%         5
f - Ignite Poison         Fire/Alch      17%        N/A       24%         4

Your spell library contained the following spells:

 Spells                   Type           Power      Damage    Failure   Level
 Sting                    Conj/Alch      72%        1d7       1%          1
 Foxfire                  Conj/Fire      60%        2x1d7     3%          1
 Mercury Vapours          Alch/Air       24%        N/A       10%         2
 Ensorcelled Hibernation  Hex/Ice        20%        N/A       14%         2
 Momentum Strike          Conj/Tloc      20%        3d8       14%         2
 Static Discharge         Conj/Air       20%        3-4/arc   14%         2
 Blink                    Tloc           6%         N/A       43%         2
 Lesser Beckoning         Tloc           6%         N/A       43%         2
 Sigil of Binding         Hex            16%        N/A       9%          3
 Sticky Flame             Fire/Alch      17%        2d5       24%         4
 Flame Wave               Conj/Fire      15%        2d7       34%         4
 Yara's Violent Unravell  Hex/Alch       9%         3d6       45%         5
 Fugue of the Fallen      Necr           3%         N/A       67%         3
 Anguish                  Hex/Necr       5%         N/A       67%         4
 Dimensional Bullseye     Hex/Tloc       5%         N/A       67%         4
 Iskenderun's Mystic Bla  Conj/Tloc      10%        2d4       67%         4
 Arcjolt                  Conj/Air       5%         1d15      95%         5
 Silence                  Hex/Air        5%         N/A       95%         5
 Passage of Golubria      Tloc           3%         N/A       97%         4
 Vhi's Electric Charge    Tloc/Air       6%         N/A       97%         4
 Starburst                Conj/Fire      7%         6d4       99%         6
 Plasma Beam              Fire/Air       4%         2x1d14    100%        6
 Enfeeble                 Hex            8%         N/A       100%        7
 Discord                  Hex            8%         N/A       100%        8
 Ignition                 Fire           6%         3d4       100%        8
 Lehudib's Crystal Spear  Conj/Erth      5%         10d3      100%        8
 Chain Lightning          Conj/Air       5%         3d6       100%        9
 Tukima's Dance           Hex            Unusable   N/A       N/A         3
 Animate Armour           Summ/Erth      Unusable   N/A       N/A         4

Dungeon Overview and Level Annotations

Branches:
Dungeon (13/15)            Temple (1/1) D:5            Lair (5/5) D:10
  Swamp (0/4) Lair:2       Spider (0/4) Lair:3        Slime (0/5) Lair:4
    Orc (2/2) D:11            Elf (0/3) Orc:2        Vaults (0/5) D:13
Ossuary (visited)          Bailey (visited)           IceCv (visited)
Gauntlet (visited)

Altars:
Ashenzari
Cheibriados
Dithmenos
Elyvilon
Fedhas
Gozag
Hepliaklqana
Kikubaaqudgha
Makhleb
Nemelex Xobeh
Okawaru
Qazlal
Ru
Sif Muna
Trog
Uskayaw
Vehumet
Wu Jian
Xom
Yredelemnul
Zin
The Shining One
Jiyva

Shops:
D:6 !   D:7 (   D:8 ![=(   D:9 [   Orc:2 *(:[

Portals:
Abyss: Lair:1

Annotations:
D:4 1 runed translucent door, 2 transporters, Crazy Yiuf; JohnnyKeats's ghost, amateur TrBe


Innate Abilities, Weirdness & Mutations

You can wield a second weapon in your off-hand.
It takes a long time for you to wield or remove held weapons.
Your first few attacks do less damage.
You cannot equip rings or amulets.


Message History

The sling bullet barely misses the catoblepas.
You shoot a slug. The slug hits the catoblepas.
The slug freezes the catoblepas.
The catoblepas is lightly wounded.
The catoblepas breathes a plume of calcifying dust at you.
The blast of calcifying dust hits you but does no damage.
You shoot a sling bullet. The sling bullet hits the catoblepas!
The sling bullet burns the catoblepas.
The catoblepas is moderately wounded.
You shoot a slug. The slug hits the catoblepas.
The slug freezes the catoblepas.
The catoblepas is moderately wounded.
You are engulfed in calcifying dust.
You are slowing down.
The catoblepas gores you!
Unknown command.
You shoot a sling bullet. The sling bullet hits the catoblepas!
The sling bullet burns the catoblepas.
The catoblepas is heavily wounded.
You shoot a slug. The slug hits the catoblepas!
The slug freezes the catoblepas.
The catoblepas is severely wounded.
You are engulfed in calcifying dust.
Your limbs have turned to stone.
The catoblepas gores you!!
* * * LOW HITPOINT WARNING * * *
The catoblepas gores you but does no damage.
You have turned to stone.
You are engulfed in calcifying dust.
The catoblepas gores you!!
* * * LOW HITPOINT WARNING * * *
The catoblepas gores you!
* * * LOW HITPOINT WARNING * * *
The catoblepas breathes a plume of calcifying dust at you.
The blast of calcifying dust hits you but does no damage.
You are engulfed in calcifying dust.
The catoblepas gores you!!
* * * LOW HITPOINT WARNING * * *
You are engulfed in calcifying dust.
The catoblepas breathes a plume of calcifying dust at you.
The blast of calcifying dust hits you but does no damage.
You are engulfed in calcifying dust.
The catoblepas gores you!!
You die...

##
##..##########
......P......#
..[.)........#
...........(.##
...†..........#
..........<...#
......††.....##
......Y@§§.§§#
###P##.##.####
## ###


You could see a catoblepas.

Vanquished Creatures
  Gastronok (D:11)
  2 orc warlords
  Nessos (Lair:4)
  A minotaur (Gauntlet)
  Snorg (D:11)
  Josephine (D:11)
  4 vault guards (D:13)
  A rakshasa (Lair:1)
  3 hydras
  The ghost of Otedoll the Eclecticist, a journeyman DECj of Vehumet (Lair:1)
  Erolcha (Orc:1)
  2 ice dragons
  2 centaur warriors (D:13)
  Erica (Lair:2)
  A catoblepas (Gauntlet)
  8 two-headed ogres
  2 boulder beetles (D:12)
  13 death yaks
  3 orc high priests (Orc:2)
  A hell hog (Lair:1)
  Urug (D:12)
  A soul eater (Gauntlet)
  2 skysharks
  3 orc knights
  3 deep elf pyromancers (D:11)
  2 orc sorcerers (Orc:2)
  Maurice (Orc:1)
  10 ugly things
  5 manticores
  3 cyclopes
  A black mamba (Lair:1)
  27 elephants
  4 orange demons (Orc:2)
  2 ice statues (IceCv)
  A hellion (Lair:1)
  3 gargoyles
  An unseen horror (D:13)
  6 cane toads
  6 komodo dragons
  7 rime drakes
  A kobold demonologist (D:12)
  Psyche (D:11)
  5 trolls
  3 polar bears
  6 hornets
  Grinder (D:4)
  5 blink frogs (Lair:4)
  3 slime creatures
  A centaur simulacrum (D:11)
  Sigmund (D:2)
  3 shadows
  A spriggan (Lair:1)
  6 wraiths
  41 yaks
  2 basilisks
  7 humans (D:13)
  A wyvern (D:10)
  4 vampire mosquitoes (D:12)
  3 steam dragons
  5 wargs
  Edmund (D:5)
  21 water moccasins
  An acid dragon (D:9)
  27 orc warriors
  4 black bears
  2 sky beasts
  6 ogres
  An ice beast (D:6)
  10 centaurs (D:13)
  19 wolves
  4 kobold brigands
  3 elf zombies (Ossuary)
  5 bullfrogs
  7 scorpions
  3 wights (D:9)
  33 killer bees
  A lindwurm simulacrum (IceCv)
  5 howler monkeys
  3 electric eels
  2 centaur zombies (Ossuary)
  10 komodo dragon simulacra (IceCv)
  3 jellies
  A centaur skeleton (D:4)
  8 hounds
  2 human zombies (Ossuary)
  7 orc priests
  4 iguanas
  11 orc wizards
  A scorpion zombie (D:4)
  A sleepcap (D:7)
  Ijyb (D:3)
  5 hell rats (Lair:4)
  11 hound zombies (Ossuary)
  2 mummies (Ossuary)
  Robin (D:3)
  2 gnolls (Bailey)
  6 acid dragon simulacra (IceCv)
  10 adders
  9 river rats (D:7)
  4 shadow imps
  4 steam dragon simulacra (IceCv)
  6 ufetubi
  5 adder zombies
  A dart slug (D:1)
  2 ribbon worms
  77 orcs
  5 bats
  5 endoplasms
  5 giant cockroaches
  9 goblins
  9 hobgoblins
  3 jackals (D:5)
  38 kobolds
  12 quokkas
  3 ball pythons (D:1)
  5 frilled lizards
  3 gnoll zombies (Ossuary)
  6 jackal zombies (Ossuary)
  5 kobold zombies (Ossuary)
  2 orc zombies (Ossuary)
  16 rats
717 creatures vanquished.

Vanquished Creatures (others)
  A human (D:13)
  An orc wizard (D:3)
2 creatures vanquished.

Grand Total: 719 creatures vanquished

Notes
Turn   | Place    | Note
-------+----------+-------------------------------------------
     0 | D:1      | hikkokomori the Coglin Hunter began the quest for the Orb.
     0 | D:1      | Reached XP level 1. HP: 16/16 MP: 1/1
    81 | D:1      | Reached skill level 1 in Stealth
   107 | D:1      | Reached XP level 2. HP: 22/22 MP: 2/2
   817 | D:2      | Reached XP level 3. HP: 28/28 MP: 3/3
   895 | D:2      | Identified a scroll of acquirement
  1001 | D:2      | Reached XP level 4. HP: 34/34 MP: 4/4
  1271 | D:2      | Noticed Sigmund
  1277 | D:2      | Killed Sigmund
  1278 | D:2      | Reached XP level 5. HP: 35/41 MP: 5/5
  1278 | D:2      | Reached XP level 6. HP: 40/47 MP: 6/6
  1399 | D:2      | Learned a level 3 spell: Inner Flame
  2119 | D:3      | Noticed Robin
  2120 | D:3      | Noticed Ijyb
  2124 | D:3      | Paralysed by Ijyb for 2 turns
  2193 | D:3      | Killed Robin
  2221 | D:3      | Paralysed by Ijyb for 3 turns
  2228 | D:3      | Paralysed by Ijyb for 5 turns
  2233 | D:3      | Killed Ijyb
  2637 | D:4      | Found a runed translucent door.
  2638 | D:4      | Noticed Crazy Yiuf
  2706 | D:4      | Reached skill level 1 in Hexes
  2745 | D:4      | Reached skill level 1 in Fire Magic
  2748 | D:4      | Reached skill level 1 in Spellcasting
  2767 | D:4      | Identified the ring "Erippil" {Str+5 Slay+4}
  2800 | D:4      | Reached XP level 7. HP: 53/53 MP: 8/8
  2886 | D:4      | Noticed JohnnyKeats's ghost (amateur TrBe)
  2910 | D:4      | Found a transporter.
  2911 | D:4      | Found a transporter.
  2943 | D:4      | Noticed Grinder
  2945 | D:4      | Paralysed by Grinder for 5 turns
  2957 | D:4      | Killed Grinder
  2958 | D:4      | Reached skill level 5 in Ranged Weapons
  3285 | D:5      | Entered Level 5 of the Dungeon
  3580 | D:5      | Noticed Edmund
  3594 | D:5      | Killed Edmund
  3595 | D:5      | Reached XP level 8. HP: 60/60 MP: 9/11
  3655 | D:5      | Found a staircase to the Ecumenical Temple.
  3665 | Temple   | Entered the Ecumenical Temple
  3686 | Temple   | Became a worshipper of Warmaster Okawaru
  3833 | D:5      | Reached skill level 1 in Evocations
  4041 | D:6      | Found Ruoz's Distillery.
  4048 | D:6      | Bought a potion of enlightenment for 70 gold pieces
  4048 | D:6      | Bought 2 potions of might for 112 gold pieces
  4059 | D:6      | Identified the +9 whip "Agonil" {flame, rPois rF+ rC+
                  | Will+}
  4108 | D:6      | Reached skill level 2 in Evocations
  4224 | D:6      | Found a sand-covered staircase.
  4229 | Ossuary  | Entered an ossuary
  4427 | Ossuary  | Reached * piety under Okawaru
  4428 | Ossuary  | Reached skill level 3 in Evocations
  4446 | Ossuary  | Reached XP level 9. HP: 43/65 MP: 13/13
  4741 | D:6      | Found a white marble altar of Elyvilon.
  4749 | D:6      | Found an ornate altar of the Wu Jian Council.
  4749 | D:6      | Found an opulent altar of Gozag.
  4749 | D:6      | Found a sacrificial altar of Ru.
  4749 | D:6      | Found a sparkling altar of Nemelex Xobeh.
  4755 | D:6      | Reached skill level 4 in Evocations
  4831 | D:6      | Found a bloodstained altar of Trog.
  4832 | D:6      | Found an ancient bone altar of Kikubaaqudgha.
  4834 | D:6      | Found a glowing silver altar of Zin.
  5175 | D:6      | Reached ** piety under Okawaru
  5367 | D:7      | Learned a level 2 spell: Jinxbite
  5382 | D:7      | Reached skill level 1 in Invocations
  5841 | D:7      | Found a flagged portal.
  5886 | Bailey   | Entered a bailey
  5923 | Bailey   | Noticed an orc warlord
  5961 | Bailey   | Reached skill level 5 in Evocations
  6052 | Bailey   | Found a runed translucent gate.
  6084 | Bailey   | Found a runed translucent gate.
  6084 | Bailey   | Found a runed translucent gate.
  6230 | Bailey   | Killed an orc warlord
  6230 | Bailey   | Reached *** piety under Okawaru
  6231 | Bailey   | Reached skill level 5 in Fighting
  6231 | Bailey   | Reached skill level 6 in Evocations
  6231 | Bailey   | Reached XP level 10. HP: 17/74 MP: 15/17
  6279 | Bailey   | Learned a level 7 spell: Ozocubu's Refrigeration
  6279 | Bailey   | Acquired a manual of Ice Magic
  6281 | Bailey   | Acquired the +2 pair of boots of Soefrauh {Fly rCorr Str+9
                  | Dex-3}
  6931 | D:7      | Found Kokaos's Firing Range.
  7835 | D:8      | Reached skill level 7 in Evocations
  8103 | D:8      | Reached **** piety under Okawaru
  8197 | D:8      | Found Enacauf's Antique Armour Shoppe.
  8201 | D:8      | Identified the ring "Pinnael" {Fly rN+ MP+9 Int+3}
  8207 | D:8      | Found Daiteth's Weapon Shoppe.
  8207 | D:8      | Found Ojerphau's Distillery.
  8207 | D:8      | Found Buguir's Jewellery Shoppe.
  8272 | D:7      | Bought a +1 antimagic hand cannon for 227 gold pieces
  8418 | D:8      | Noticed a two-headed ogre
  8424 | D:8      | Killed a two-headed ogre
  8437 | D:8      | Reached skill level 5 in Spellcasting
  8764 | D:9      | Reached ***** piety under Okawaru
  8765 | D:9      | Reached skill level 8 in Evocations
  8765 | D:9      | Reached XP level 11. HP: 76/83 MP: 6/18
  8945 | D:9      | Noticed a two-headed ogre
  8952 | D:9      | Killed a two-headed ogre
  9084 | D:9      | Noticed a five-headed hydra
  9088 | D:9      | Reached skill level 1 in Maces & Flails
  9094 | D:9      | Killed a five-headed hydra
  9353 | D:9      | Found Qolamua's Armour Emporium.
  9421 | D:9      | Found a blossoming altar of Fedhas.
  9540 | D:9      | Noticed a two-headed ogre
  9545 | D:9      | Killed a two-headed ogre
  9545 | D:9      | Received a gift from Okawaru
  9546 | D:9      | Reached skill level 5 in Invocations
  9546 | D:9      | Reached skill level 9 in Evocations
  9640 | D:9      | Learned a level 4 spell: Olgreb's Toxic Radiance
  9664 | D:10     | Entered Level 10 of the Dungeon
  9761 | D:10     | Noticed a two-headed ogre
  9768 | D:10     | Killed a two-headed ogre
  9769 | D:10     | Reached skill level 1 in Alchemy
 10122 | D:10     | Found a staircase to the Lair.
 10755 | D:10     | Found a hazy altar of Hepliaklqana.
 10990 | D:11     | Noticed Psyche
 10997 | D:11     | Killed Psyche
 11420 | D:11     | Received a gift from Okawaru
 11469 | D:11     | Found a staircase to the Orcish Mines.
 11502 | D:11     | Noticed a deep elf pyromancer
 11504 | D:11     | Noticed an arcanist
 11507 | D:11     | Killed a deep elf pyromancer
 11508 | D:11     | Reached XP level 12. HP: 66/92 MP: 6/19
 11650 | D:11     | Got the Omnibus of Axaxaxas mlö
 11657 | D:11     | Got the Cyclopedia of Combed Thunderclap
 11669 | D:11     | Got Ts'ui Pên's Compendium of Forking Paths
 11767 | D:11     | Reached skill level 5 in Hexes
 11890 | D:11     | Noticed Josephine
 11899 | D:11     | Killed Josephine
 12281 | D:11     | Noticed Snorg
 12296 | D:11     | Killed Snorg
 12529 | D:11     | Noticed a two-headed ogre
 12534 | D:11     | Killed a two-headed ogre
 12535 | D:11     | Reached skill level 5 in Alchemy
 12640 | D:11     | Noticed Gastronok
 12648 | D:11     | Killed Gastronok
 12776 | D:9      | Bought a +1 pair of gloves for 149 gold pieces
 13332 | D:12     | Noticed a boulder beetle
 13345 | D:12     | Killed a boulder beetle
 13346 | D:12     | Reached skill level 1 in Armour
 13671 | D:12     | Received a gift from Okawaru
 13720 | D:12     | Noticed Urug
 13725 | D:12     | Noticed a two-headed ogre
 13744 | D:12     | Killed a two-headed ogre
 13745 | D:12     | Reached skill level 10 in Evocations
 13745 | D:12     | Reached XP level 13. HP: 20/101 MP: 6/20
 13747 | D:12     | Killed Urug
 14126 | D:12     | Reached skill level 5 in Dodging
 14625 | Lair:1   | Entered Level 1 of the Lair of Beasts
 14692 | Lair:1   | Received a gift from Okawaru
 14725 | Lair:1   | Reached skill level 11 in Evocations
 15113 | Lair:1   | Found a transporter.
 15116 | Lair:1   | Noticed Otedoll's ghost (journeyman DECj)
 15208 | Lair:1   | Found a one-way gate to the infinite horrors of the Abyss.
 15338 | Lair:1   | Noticed a rakshasa
 15347 | Lair:1   | Found a transporter.
 15747 | Lair:1   | Killed a rakshasa
 15747 | Lair:1   | Received a gift from Okawaru
 15752 | Lair:1   | Killed Otedoll's ghost
 15753 | Lair:1   | Reached skill level 5 in Armour
 15842 | Lair:1   | Learned a level 5 spell: Irradiate
 15885 | Lair:2   | Found a staircase to the Swamp.
 15893 | Lair:2   | Noticed Erica
 15900 | Lair:2   | Killed Erica
 15973 | Lair:2   | Reached skill level 1 in Conjurations
 16262 | Lair:2   | Reached skill level 12 in Evocations
 16276 | Lair:2   | Received a gift from Okawaru
 16456 | Lair:2   | Reached XP level 14. HP: 100/108 MP: 7/23
 16462 | Lair:2   | Acquired an automatic matrix {RevMP, rElec Will+}
 18054 | Lair:3   | Received a gift from Okawaru
 18181 | Lair:3   | Reached skill level 13 in Evocations
 18448 | Lair:3   | Received a gift from Okawaru
 18566 | Lair:3   | Found a hole to the Spider Nest.
 19150 | Orc:1    | Entered Level 1 of the Orcish Mines
 19502 | Orc:2    | Entered Level 2 of the Orcish Mines
 19502 | Orc:2    | Found Vyterew's Book Shop.
 19630 | Orc:2    | Bought an Everburning Encyclopedia for 570 gold pieces
 19635 | Orc:2    | Learned a level 4 spell: Ignite Poison
 19755 | Orc:2    | Found Exyehi's Antique Weapon Shop.
 19819 | Orc:2    | Found a frozen archway.
 19924 | Orc:2    | Noticed an orc warlord
 19950 | IceCv    | Entered an ice cave
 20967 | Orc:2    | Reached skill level 5 in Conjurations
 21077 | Orc:2    | Killed an orc warlord
 21085 | Orc:2    | Reached XP level 15. HP: 115/115 MP: 24/24
 21109 | Orc:2    | Found Pumobil's Antique Armour Shoppe.
 21129 | Orc:2    | Found a staircase to the Elven Halls.
 21503 | Orc:2    | Found Toskeude's General Store.
 21512 | Orc:2    | Bought a potion of heal wounds for 50 gold pieces
 21512 | Orc:2    | Bought a wand of paralysis (7) for 168 gold pieces
 21514 | Orc:2    | Bought a scroll of identify for 20 gold pieces
 21679 | Orc:1    | Noticed Maurice
 21689 | Orc:1    | Killed Maurice
 21791 | Orc:1    | Noticed Erolcha
 21795 | Orc:1    | Killed Erolcha
 21799 | Orc:1    | Reached skill level 10 in Ranged Weapons
 22191 | D:9      | Bought +2 acid dragon scales for 676 gold pieces
 22483 | D:13     | Found a gate leading to a gauntlet.
 22579 | D:13     | Reached skill level 10 in Fighting
 22603 | D:13     | Reached skill level 5 in Maces & Flails
 22625 | D:13     | Found a gate to the Vaults.
 22668 | Gauntlet | Entered a Gauntlet
 22668 | Gauntlet | Found a transporter.
 22668 | Gauntlet | Found a transporter.
 22669 | Gauntlet | Found a transporter.
 22672 | Gauntlet | Found a transporter.
 22672 | Gauntlet | Found a transporter.
 22684 | Gauntlet | Found a transporter.
 22690 | Gauntlet | Found a transporter.
 22691 | Gauntlet | Found a transporter.
 22705 | Gauntlet | Found a transporter.
 22727 | Gauntlet | Found a transporter.
 22753 | Gauntlet | Found a transporter.
 22823 | Gauntlet | Found a transporter.
 23133 | Gauntlet | Identified the +2 pair of gloves of Bedevilment {rC+
                  | Slay+2}
 23440 | Gauntlet | Identified the +4 trident "Badujugo" {freeze, ^Drain rN++
                  | Will+ Int+2}
 23440 | Gauntlet | Identified the +8 ring mail of Limited Liability {rC+ rN+}
 23603 | Gauntlet | Identified the +5 swamp dragon scales of Hedonism {rPois
                  | Str+2}
 23603 | Gauntlet | Identified the +0 pair of boots of Joissiud {rElec Will+
                  | SInv}
 24406 | Lair:4   | Found a viscous altar of Jiyva.
 24407 | Lair:4   | Found a staircase to the Slime Pits.
 24424 | Lair:4   | Noticed Nessos
 24651 | Lair:4   | Paralysed by Nessos for 3 turns
 24660 | Lair:4   | Killed Nessos
 24848 | Lair:4   | Received a gift from Okawaru
 25178 | Lair:4   | Reached skill level 1 in Staves
 25575 | Lair:5   | Entered Level 5 of the Lair of Beasts
 25617 | Lair:5   | Reached XP level 16. HP: 52/124 MP: 23/25
 25625 | Lair:5   | Slain by a catoblepas

Illustrated notes

Levels and vault maps discovered:
D:1:      onia_arrival_pentagram, layout_basic, minmay_misc_feat_encased
D:2:      layout_basic, uniq_sigmund
D:3:      layout_loops_cross, nicolae_goblin_pals
D:4:      layout_loops_ring, gammafunk_ghost_gnarly_gnolls, serial_undead,
          serial_undead_f, serial_undead_b, serial_undead_d, serial_undead_c,
          uniq_grinder, uniq_crazy_yiuf_cottage
D:5:      layout_loops_ring, minmay_temple_entry_trees, uniq_edmund
D:6:      black_bear_nest_2, layout_basic, minitemple, enter_ossuary_5,
          serial_shops, shop_statue
D:7:      lemuel_ratsnest, layout_layer_cave, enter_bailey_8,
          serial_library_hellmonk_small_corner, nicolae_shop_firing_range
D:8:      layout_loops_cross, minmay_shop_grid_forest
D:9:      layout_roguey, fedhas_altar_4, serial_shops, nicolae_shop_waterfront,
          grunt_ministairs_2
D:10:     layout_cave_pods, kennysheep_mini, erik_lair_island,
          hangedman_decor_clover_reticule
D:11:     layout_grid_maze, hiddenorc2_lemuel, bh_hangedman_babel_library,
          uniq_gastronok, uniq_sonja, uniq_snorg, uniq_josephine, uniq_psyche
D:12:     minmay_bubble_buster, layout_loops_ring, uniq_urug
D:13:     layout_roguey, ximxim_vaults_locker_room, gauntlet_entry_generic
Temple:   nicolae_temple_godzebo
Lair:1:   layout_long_grid, gammafunk_ghost_abyssal_escape, lemuel_fruit_fields
Lair:2:   layout_cave_pods, swamp_mist_pool, columned_hall_lemuel,
          serial_bayou_shore_b, uniq_erica
Lair:3:   layout_gridlike, spider_nest_entry_web_field
Lair:4:   dragon1_lemuel, layout_loops_ring, slime_entry_1, uniq_nessos
Lair:5:   minmay_lair_end_frog_pond, layout_big_grid, gammafunk_ghost_hydra_chop
Orc:1:    layout_caves, lemuel_statue_altar, uniq_maurice, uniq_erolcha
Orc:2:    grunt_orc_gardens, layout_caves, grunt_orc_garden, grunt_orc_garden,
          grunt_orc_garden, grunt_orc_garden,
          portal_ice_cave_entry_animals_and_master, einodemon_barbed_minivault

Skill      XL: |  1  2  3  4  5  6  7  8  9 10 11 12 13 14 15 |
---------------+----------------------------------------------+-----
Stealth        | 1 2 3 |  3.0
Dodging        | 2 3 4 6 8 9 |  9.0
Ranged Weapons | 4 5 6 7 8 9 10 | 10.0
Fighting       | 3 4 5 6 8 9 10 | 10.8
Hexes          | 1 2 3 4 6 |  6.0
Fire Magic     | 1 2 3 4 |  4.5
Spellcasting   | 1 2 3 4 5 6 |  6.2
Evocations     | 3 6 8 9 10 12 13 | 13.3
Invocations    | 2 4 5 |  5.7
Maces & Flails | 3 4 6 |  6.2
Alchemy        | 2 6 7 8 |  8.0
Armour         | 2 5 7 8 |  8.3
Conjurations   | 2 5 6 |  6.0
Staves         | 1 |  1.7

Action                     |  1- 3 |  4- 6 |  7- 9 | 10-12 | 13-15 | 16-18 || total
---------------------------+-------+-------+-------+-------+-------+-------++-------
  Melee: Sling             |       |     4 |       |       |       |       ||     4
   Fire: Sling             |   124 |   244 |   758 |   706 |   993 |     3 ||  2828
         Hand cannon       |       |       |       |   392 |   993 |     3 ||  1388
   Cast: Inner Flame       |       |       |     3 |     1 |     8 |       ||    12
         Jinxbite          |       |       |     2 |     3 |     4 |       ||     9
         Olgreb's Toxic Ra |       |       |       |       |    11 |       ||    11
         Ignite Poison     |       |       |       |       |     2 |       ||     2
 Invoke: Heroism           |       |       |     4 |     9 |    31 |       ||    44
         Finesse           |       |       |       |       |     5 |       ||     5
Ability: Invent Gizmo      |       |       |       |       |     1 |       ||     1
  Evoke: Wand              |       |       |     8 |    11 |    16 |       ||    35
         Lightning rod     |       |       |       |       |     4 |       ||     4
         Condenser vane    |       |       |       |       |     1 |       ||     1
    Use: Scroll            |     4 |     2 |    14 |     9 |    24 |       ||    53
         Potion            |       |     1 |     3 |       |     4 |       ||     8
 Armour: Leather armour    |     7 |    38 |   124 |       |       |       ||   169
         Robe              |       |       |       |   213 |   269 |       ||   482
         Swamp dragon scal |       |       |       |       |   164 |    10 ||   174
         Acid dragon scale |       |       |       |       |    64 |       ||    64
  Dodge: Dodged            |    12 |    21 |   115 |   196 |   515 |       ||   859

Table legend: (Time is in decaauts)
 A = Elapsed time spent in this place.
 B = Non-inter-level travel time spent in this place.
 C = Inter-level travel time spent in this place.
 D = Time resting spent in this place.
 E = Time spent auto-exploring this place.
 F = Levels seen in this place.
 G = Mean time per level.
                   A        B        C        D        E       F      G
               +--------+--------+--------+--------+--------+-----+--------+
         Total |  25834 |  24276 |   1558 |    708 |  18615 |  25 | 1033.4 |
       Dungeon |  15050 |  13928 |   1122 |     86 |  11380 |  13 | 1157.7 |
        Temple |     42 |      1 |     41 |      0 |      0 |   1 |   42.0 |
          Lair |   5775 |   5504 |    271 |      0 |   4533 |   5 | 1155.0 |
  Orcish Mines |   1929 |   1805 |    124 |     85 |   1309 |   2 |  964.5 |
       Ossuary |    470 |    470 |      0 |      4 |    218 |   1 |  470.0 |
        Bailey |    636 |    636 |      0 |      5 |    300 |   1 |  636.0 |
      Ice Cave |    995 |    995 |      0 |    496 |    247 |   1 |  995.0 |
      Gauntlet |    935 |    935 |      0 |     32 |    628 |   1 |  935.0 |
               +--------+--------+--------+--------+--------+-----+--------+

Top non-repeatable levels by time:
    D:11: 2052 daAuts
    D:12: 1740 daAuts
  Lair:3: 1694 daAuts
     D:7: 1650 daAuts
  Lair:2: 1537 daAuts
    D:10: 1501 daAuts
   Orc:2: 1309 daAuts
  Lair:1: 1287 daAuts
     D:8: 1202 daAuts
  Lair:4: 1197 daAuts
     D:2: 1091 daAuts
     D:9: 1088 daAuts
   IceCv: 995 daAuts
    D:13: 964 daAuts
Gauntlet: 935 daAuts
